 Dungeon Crawl Stone Soup version 0.28-a0-1235-g7c8fac35f0 (webtiles) character file.

Game seed: 13702962055481816623

517 spiderkeys the Cutter (level 7, 0/37 HPs)
             Began as a Vine Stalker Abyssal Knight on Dec 25, 2021.
             Was a Believer of Lugonu.
             Slain by a gnoll (8 damage)
             ... on level 4 of the Dungeon.
             The game lasted 00:05:53 (3109 turns).

spiderkeys the Cutter (Vine Stalker Abyssal Knight) Turns: 3109, Time: 00:05:53

Health: 0/37       AC: 15    Str: 18    XL:     7   Next: 20%
Magic:  0/9        EV:  7    Int: 16    God:    Lugonu [**....]
Gold:   194        SH:  0    Dex: 14    Spells: 6/6 levels left

rFire   . . .      SeeInvis .   m - +1 rapier
rCold   . . .      Faith    .   (no shield)
rNeg    . . .      Spirit   +   q - +4 chain mail of Futt {rCorr}
rPois   .          Reflect  .   (no helmet)
rElec   .          Harm     .   o - +0 cloak
rCorr   +          Rampage  .   (no gloves)
Will    .....                   k - +0 pair of boots
Stlth   ..........              (no amulet)
HPRegen 0.92/turn               I - +6 ring of intelligence
MPRegen 0.11/turn               (no ring)

@: flying
A: fangs 2, regeneration 1, magic shield, antimagic bite, no potion heal 2
a: Renounce Religion, Depart the Abyss, Bend Space


You were on level 4 of the Dungeon.
You worshipped Lugonu.
Lugonu was pleased with you.
You visited 1 branch of the dungeon, and saw 4 of its levels.
You visited the Abyss 1 time.

You collected 194 gold pieces.


Innate Abilities, Weirdness & Mutations

You have extremely sharp teeth.
Your natural rate of healing is unusually fast.
When hurt, damage is shared between your health and your magic reserves.
Your bite disrupts and absorbs the magic of your enemies.
Potions cannot restore your health.


   Skills:
 + Level 4.2 Fighting
 * Level 5.1 Short Blades
 + Level 3.3 Armour
 - Level 0.7 Dodging
 - Level 1.7 Invocations


You had 6 spell levels left.
You didn't know any spells.
Your spell library contained the following spells:

 Spells                   Type           Power      Damage    Failure   Level
 Sublimation of Blood     Necr           0%         N/A       99%         2
 Wereblood                Tmut           0%         N/A       99%         2
 Summon Hydra             Summ           0%         N/A       100%        7

Inventory:

Hand Weapons
 a - a +1 short sword
 m - a +1 rapier (weapon)
   (You found it on level 2 of the Dungeon)
Missiles
 f - 65 stones
 h - 33 sling bullets
 n - 36 arrows
 r - 18 bolts
Armour
 b - a +0 leather armour
 c - a +2 plate armour of cold resistance
   (You found it on level 3 of the Abyss)
 k - a +0 pair of boots (worn)
   (You found it on level 3 of the Dungeon)
 o - a +0 cloak (worn)
   (You found it on level 3 of the Dungeon)
 q - the +4 chain mail of Futt (worn) {rCorr}
   (You found it on level 4 of the Dungeon)

   rCorr:     It protects you from acid and corrosion.
Jewellery
 I - a +6 ring of intelligence (left hand)
   (You found it on level 1 of the Dungeon)
Scrolls
 i - a scroll of noise {!r}
Potions
 e - a potion of curing {@q1}
 p - a potion of might {unknown}

Dungeon Overview and Level Annotations

Branches:
Dungeon (4/15)
 Temple: D:4-7

Altars:
Xom

Shops:
D:1 =   D:2 *

Annotations:
D:4 Menkaure

.# #.....# .... .. #.....#
.. >..... .. #.#.#.# .....
..... #.^...# #g#.# #...#
## #.....# #.#g# ... #.
#.#.#)# #.#.# #.# #.
#.....# #.#.# ##.#####.
#.....######g#.# #........
#.#.#.#...@gM..####..#####.
#.....######g........# #g
#.....##...#########.#####.
#.#.#.#......# #.......
#.....##...#.# ########..
#.....###.##.# #.........
#.#.#.# #.##.# #.######.#
#.....# #.##.#####.# #)#
#.....# #.##.......# #.#


You could see Menkaure (fast) and 3 gnolls.


Message History

Menkaure gestures wildly while chanting.
Menkaure seems to speed up. 😕 HP[+1] MP[+2]
Your mp is fully restored (9).
You barely miss the gnoll shaman. Your bite misses the gnoll shaman.
Menkaure calls on the powers of darkness!
The gnoll convulses!
Something is bathed in an unholy light!
The gnoll convulses! x2
Your body is wracked with pain!
The gnoll shaman convulses!
The gnoll barely misses you.
The gnoll shaman calls upon its god to speed up the gnoll.
The gnoll seems to speed up. 😮 HP[-11] MP[-3]
You take 11 damage, and now have 20/37 hp.
MASSIVE DAMAGE!! (PAUSE)
You lost 3 mp, and now have 6/9 mp.
As you read the scroll labelled ISEMEB SECIFE, it crumbles to dust.
You assume a fearsome visage.
Menkaure is unaffected.
The gnoll shaman looks frightened!
The gnoll looks frightened! x3
It was a scroll of fear.
Menkaure whispers, "It doesn't hurt if you pull your brain out of your nose yourself." 😮 HP[+1] Cornered, the gnoll turns to fight!
The gnoll hits you from afar with a +0 halberd.
* * * LOW HITPOINT WARNING * * *
😨 HP[-5] MP[-1]
You take 5 damage, and now have 16/37 hp.
You lost 1 mp, and now have 5/9 mp. 😨 HP[+1]
The gnoll hits you but does no damage. 😨 HP[+1] 😮 HP[+1]
The gnoll hits you from afar with a +0 halberd.
* * * LOW HITPOINT WARNING * * *
😨 HP[-3] MP[-2]
You take 3 damage, and now have 16/37 hp.
You lost 2 mp, and now have 3/9 mp. 😨 HP[+1]
Found a stone staircase leading down.
The gnoll barely misses you. 😨 HP[+1]
The gnoll hits you but does no damage. 😮 HP[+1] MP[+1] 😮 HP[+1]
The gnoll barely misses you. 😮 HP[+1] 😮 HP[+1]
The gnoll hits you but does no damage. 😮 HP[+1]
A gnoll comes into view. It is wielding a +0 flail.
The gnoll shouts!
You hear a shout!
A gnoll comes into view. It is wielding a +0 flail.
Menkaure calls on the powers of darkness!
The gnoll convulses!
Your body is wracked with pain!
* * * LOW HITPOINT WARNING * * *
😨 HP[-8] MP[-2]
You take 8 damage, and now have 15/37 hp.
MASSIVE DAMAGE!! (PAUSE)
You lost 2 mp, and now have 2/9 mp.
The gnoll shouts!
A gnoll comes into view. It is wielding a +0 halberd. 😨 HP[+1]
The gnoll hits you from afar with a +0 halberd.
* * * LOW HITPOINT WARNING * * *
😨 HP[-3] MP[-1]
You take 3 damage, and now have 13/37 hp.
You lost 1 mp, and now have 1/9 mp. 😨 HP[+1]
The gnoll barely misses you. 😨 HP[+1] MP[+1]
The gnoll is no longer moving quickly. 😨 HP[+1]
Okay, then.
It was a potion of resistance.
You feel protected. The gnoll barely misses you.
The gnoll hits you but does no damage. 😨 HP[+1] It was a potion of curing.
That felt strangely inert.
The gnoll hits you but does no damage.
The gnoll barely misses you. 😨 HP[+1] It was a potion of cancellation.
Your magical effects are unravelling.
You feel magically purged.
Your resistance to elements expires.
Menkaure calls on the powers of darkness!
The gnoll convulses!
Your body is wracked with pain!
* * * LOW HITPOINT WARNING * * *
The gnoll convulses! x2
The gnoll hits you from afar with a +0 halberd.
* * * LOW HITPOINT WARNING * * *
😱 HP[-11] MP[-2]
You take 11 damage, and now have 7/37 hp.
MASSIVE DAMAGE!! (PAUSE)
You lost 2 mp, and now have 0/9 mp.
It was a potion of flight.
You feel very buoyant.
You fly up into the air.
The gnoll hits you from afar with a +0 halberd!
You die...

Skill      XL: |  1  2  3  4  5  6  7 |
---------------+----------------------+-----
Short Blades   | 2 3 4 5 |  5.1
Fighting       | 3 4 |  4.2
Armour         | 2 3 |  3.3
Dodging        | |  0.7
Invocations    | |  1.7

Action                   |  1- 3 |  4- 6 |  7- 9 || total
-------------------------+-------+-------+-------++-------
Melee: Short sword       |   143 |       |       ||   143
       Bite              |    42 |    21 |     6 ||    69
       Rapier            |       |    92 |    27 ||   119
Invok: Depart the Abyss  |     1 |       |       ||     1
  Use: Scroll            |       |     4 |     1 ||     5
       Potion            |       |       |     4 ||     4
Armor: Plate armour      |   140 |    39 |       ||   179
       Chain mail        |       |    15 |    18 ||    33
Dodge: Dodged            |    45 |    25 |    19 ||    89

Levels and vault maps discovered:
D:1:      dpeg_arrival_shrine, layout_loops_ring, serial_shops,
          nicolae_shop_window_shopping, minmay_misc_feat_more_columns,
          serial_bayou_pond_b, minmay_close_crescents
D:2:      layout_basic, shapermc_ecumenical_altar_starsandcircs, serial_shops,
          nicolae_shop_hallway_stairs, basic_altar,
          nicolae_elevator_lobby_asterisk
D:3:      layout_loops_ring, serial_bayou_pond_d, uniq_sigmund, uniq_natasha
D:4:      layout_loops_ring, nicolae_elyvilon_temple_path, columned_hall_lemuel,
          uniq_menkaure

Notes
Turn   | Place    | Note
-------+----------+-------------------------------------------
     0 | Abyss:1  | spiderkeys the Vine Stalker Abyssal Knight began the quest
                  | for the Orb.
     0 | Abyss:1  | Reached XP level 1. HP: 11/11 MP: 3/3
     0 | Abyss:1  | magus.rc [v1.9.10]
    12 | Abyss:2  | Found a corrupted altar of Lugonu.
    24 | Abyss:3  | Found a corrupted altar of Lugonu.
    55 | Abyss:3  | Noticed a jumping spider
    58 | D:1      | You pass through the gate.
    58 | D:1      | Escaped the Abyss
   119 | D:1      | Reached skill level 2 in Short Blades
   124 | D:1      | Reached XP level 2. HP: 9/16 MP: 4/4
   336 | D:1      | Reached * piety under Lugonu
   544 | D:1      | Reached skill level 3 in Fighting
   544 | D:1      | Reached XP level 3. HP: 20/20 MP: 5/5
   563 | D:1      | You pick up a book of Blood and begin reading...
   563 | D:1      | You add the spells Sublimation of Blood, Wereblood and
                  | Summon Hydra to your library.
   678 | D:1      | Found Geime's Jewellery Shoppe.
   719 | D:1      | Reached skill level 2 in Armour
  1374 | D:2      | Found a faded altar of an unknown god.
  1477 | D:2      | Reached ** piety under Lugonu
  1555 | D:2      | Found Ismoeh's General Store.
  1585 | D:2      | Found a shimmering altar of Xom.
  2106 | D:3      | Reached skill level 3 in Short Blades
  2106 | D:3      | Gained mutation: Your natural rate of healing is unusually
                  | fast. [Vine Stalker growth]
  2106 | D:3      | Reached XP level 4. HP: 24/24 MP: 6/6
  2123 | D:3      | Noticed Sigmund
  2139 | D:3      | Killed Sigmund
  2140 | D:3      | Reached skill level 4 in Short Blades
  2140 | D:3      | Reached XP level 5. HP: 25/29 MP: 4/7
  2282 | D:3      | Noticed Natasha
  2290 | D:3      | Killed Natasha
  2291 | D:3      | Reached XP level 6. HP: 31/33 MP: 6/8
  2415 | D:3      | Reached skill level 3 in Armour
  2636 | D:3      | Noticed Natasha
  2643 | D:3      | Killed Natasha
  2721 | D:3      | Reached skill level 4 in Fighting
  2838 | D:4      | Identified the +4 chain mail of Futt {rCorr}
  2926 | D:4      | Reached XP level 7. HP: 28/37 MP: 9/9
  3035 | D:4      | Reached skill level 5 in Short Blades
  3078 | D:4      | Noticed Menkaure
  3108 | D:4      | HP: 7/37 [gnoll (5)]
  3109 | D:4      | Slain by a gnoll

Vanquished Creatures
  Sigmund (D:3)
  A scorpion (D:4)
  A water moccasin skeleton (D:4)
  3 orc wizards (D:3)
  Natasha (twice) (D:3)
  A gnoll (D:4)
  2 adders
  2 white imps (D:4)
  An ufetubus (D:4)
  A worm (D:4)
  2 dart slugs
  6 orcs (D:3)
  6 bats
  6 endoplasms
  6 giant cockroaches
  6 goblins
  5 hobgoblins
  8 jackals
  5 quokkas
  4 ball pythons
  2 frilled lizards
  5 kobolds
  7 rats
83 creatures vanquished.

Vanquished Creatures (others)
  5 plants
5 creatures vanquished.

Grand Total: 88 creatures vanquished

Table legend:
 A = Non-vault XP
 B = Vault XP
 C = Vault XP percentage of total XP
 D = Non-vault monster count
 E = Vault monster count
 F = Vault count percentage of total count
                 A         B        C        D         E       F
            +---------+---------+-------+---------+---------+-------
      Total |     490 |     249 |  33.7 |      75 |       8 |   9.6
            +---------+---------+-------+---------+---------+-------
        D:1 |      55 |       9 |  14.1 |      30 |       6 |  16.7
        D:2 |       9 |       0 |   0.0 |       7 |       0 |   0.0
        D:3 |     207 |     240 |  53.7 |      26 |       2 |   7.1
        D:4 |     219 |       0 |   0.0 |      12 |       0 |   0.0
            +---------+---------+-------+---------+---------+-------

Illustrated notes

Table legend:
 A = Kills in this place as a percentage of kills in entire the game.
 B = Kills by you in this place as a percentage of kills by you in the entire game.
 C = Kills by friends in this place as a percentage of kills by friends in the entire game.
 D = Other kills in this place as a percentage of other kills in the entire game.
 E = Experience gained in this place as a percentage of experience gained in the entire game.
 F = Experience gained in this place divided by the number of levels of this place that you have seen.
                   A       B       C       D       E      F
               +-------+-------+-------+-------+-------+----------------------
         Total | 100.0 | 100.0 |   N/A |   N/A | 100.0 | 105.6
       Dungeon | 100.0 | 100.0 |   N/A |   N/A | 100.0 | 184.8
               +-------+-------+-------+-------+-------+----------------------

Table legend: (Time is in decaauts)
 A = Elapsed time spent in this place.
 B = Non-inter-level travel time spent in this place.
 C = Inter-level travel time spent in this place.
 D = Time resting spent in this place.
 E = Time spent auto-exploring this place.
 F = Levels seen in this place.
 G = Mean time per level.
                   A        B        C        D        E       F      G
               +--------+--------+--------+--------+--------+-----+--------+
         Total |   3104 |   3021 |     83 |      0 |   2470 |   7 |  443.4 |
       Dungeon |   3046 |   2963 |     83 |      0 |   2448 |   4 |  761.5 |
         Abyss |     57 |     57 |      0 |      0 |     22 |   3 |   19.0 |
               +--------+--------+--------+--------+--------+-----+--------+

Top non-repeatable levels by time:
     D:1: 1125 daAuts
     D:3: 926 daAuts
     D:2: 701 daAuts
     D:4: 293 daAuts
 Abyss:3: 33 daAuts
 Abyss:1: 12 daAuts
 Abyss:2: 11 daAuts
